 Dungeon Crawl Stone Soup version 0.28-a0-580-ga2639ab843 (webtiles) character file.

Game seed: 5717164116601339394

52 avis the Insei (level 3, 0/24 HPs)
             Began as an Octopode Transmuter on Oct 2, 2021.
             Slain by Sigmund (17 damage)
             ... on level 2 of the Dungeon.
             The game lasted 00:11:23 (1980 turns).

avis the Insei (Octopode Transmuter)                Turns: 1980, Time: 00:11:24

Health: 0/24       AC:  2    Str: 10    XL:     3   Next: 85%
Magic:  3/6        EV: 19    Int: 15    God:
Gold:   23         SH:  0    Dex: 17    Spells: 2/6 levels left

rFire   . . .      SeeInvis .     - Unarmed
rCold   . . .      Faith    .   (shield currently unavailable)
rNeg    . . .      Spirit   .   (helmet currently unavailable)
rPois   x          Reflect  .   (no amulet)
rElec   .          Harm     .   (no ring)
rCorr   .          Rampage  .   (no ring)
Will    .....                   (no ring)
Stlth   +.........              (no ring)
HPRegen 0.08/turn               (no ring)
MPRegen 0.10/turn               (no ring)
                                (no ring)
                                (no ring)

@: confused, spider-form (expiring)
A: venomous fangs, almost no armour, (amphibious), 8 rings, tiny, (camouflage
1), (gelatinous body 1), (nimble swimmer 1), (tentacles)
a: End Transformation


You were on level 2 of the Dungeon.
You were a venomous arachnid creature.
You visited 1 branch of the dungeon, and saw 2 of its levels.

You collected 23 gold pieces.

Inventory:

Hand Weapons
 c - a +0 short sword (melded)
Missiles
 a - 66 arrows
 d - 12 stones
Armour
 e - a +0 buckler (melded)
Scrolls
 b - a scroll of identify {unknown}
 g - a scroll of amnesia {unknown}
Potions
 f - a potion of experience {unknown}
 h - 2 potions of flight {unknown}
 i - a potion of heal wounds {unknown}


   Skills:
 - Level 2.0 Fighting
 - Level 2.0 Dodging
 - Level 1.0 Stealth
 * Level 4.1 Unarmed Combat
 - Level 2.0 Spellcasting
 - Level 2.0 Transmutations


You had 2 spell levels left.
You knew the following spells:

 Your Spells              Type           Power      Damage    Failure   Level
a - Beastly Appendage     Tmut           14%        N/A       24%         1
p - Spider Form           Tmut/Pois      2%         N/A       63%         3

Your spell library contained the following spells:

 Spells                   Type           Power      Damage    Failure   Level
 Wereblood                Tmut           7%         N/A       32%         2
 Ice Form                 Ice/Tmut       4%         N/A       93%         4


Dungeon Overview and Level Annotations

Branches:
Dungeon (2/15)

Altars:

Annotations:
D:2 Sigmund


Innate Abilities, Weirdness & Mutations

You are a venomous arachnid creature.
You have poisonous fangs.
You are tiny and dextrous.
Your spellcasting is less reliable in this form.
Your armour is entirely melded.
You are incapable of wielding weapons or throwing items.
You cannot wear most types of armour.
((You are amphibious.))
You can wear up to eight rings at the same time.
((Your skin changes colour to match your surroundings (Stealth+).))
((Your rubbery body absorbs attacks. (AC +1, EV +1)))
((You are camouflaged near water. (Stealth+)))
((You have tentacles for arms and can constrict up to eight enemies at once.))


Message History

You are very lightly contaminated with residual magic.
Nothing appears to happen.
You start resting.
Your magical contamination has completely faded away.
You start resting.
Magic restored.
Casting: Spider Form (potentially lethal; 58% risk of failure)
Confirm with . or Enter, or press ? or * to list all spells.
The spell is potentially lethal to cast (58% risk of failure)!
Continue anyway?
You miscast Spider Form.
You are very lightly contaminated with residual magic.
Nothing appears to happen.
You start resting.
Your magical contamination has completely faded away.
You start resting.
Magic restored.
Casting: Spider Form (potentially lethal; 58% risk of failure)
Confirm with . or Enter, or press ? or * to list all spells.
The spell is potentially lethal to cast (58% risk of failure)!
Continue anyway?
You turn into a venomous arachnid creature.
Your +0 short sword melds into your body.
Your +0 buckler melds into your body.
You climb downwards.
Level annotation: Sigmund Your transformation is almost over.
There is a stone staircase leading up, spattered with blood here.
Sigmund drinks a potion.
Sigmund seems to grow stronger.
Sigmund gestures at you while chanting. You resist with significant effort.
You hit Sigmund.
Sigmund is lightly wounded.
Sigmund casts a spell at you.
You are confused.
Sigmund asks, "Do you like me?"
Sigmund points at you and mumbles some strange words.
The magic dart hits you!
You're too confused to move!
Sigmund hits you from afar with a +1 vorpal scythe!
Ouch! That really hurt!
You die...

#. #. #. ####.###
#......# #......#
#:>....#
#....s.###
###.#...<#
#.#@##...#
######.#.####.....
..........# ##.##
..........### #
............
.w........##
..........#


You could see Sigmund (strong).

Vanquished Creatures
  Terence (D:2)
  A worm (D:2)
  A dart slug (D:1)
  3 bats (D:1)
  An endoplasm (D:1)
  2 goblins (D:1)
  3 hobgoblins (D:1)
  5 kobolds
  A quokka (D:1)
  A frilled lizard (D:1)
  2 rats (D:1)
21 creatures vanquished.

Notes
Turn   | Place    | Note
-------+----------+-------------------------------------------
     0 | D:1      | avis the Octopode Transmuter began the quest for the Orb.
     0 | D:1      | Reached XP level 1. HP: 13/13 MP: 3/3
    50 | D:1      | Reached skill level 1 in Stealth
   141 | D:1      | Reached XP level 2. HP: 3/18 MP: 5/5
  1466 | D:2      | Noticed Sigmund
  1626 | D:2      | Noticed Terence
  1628 | D:2      | Reached skill level 4 in Unarmed Combat
  1628 | D:2      | Reached XP level 3. HP: 23/23 MP: 6/6
  1634 | D:1      | Learned a level 3 spell: Spider Form
  1639 | D:2      | Killed Terence
  1980 | D:2      | Slain by Sigmund

Illustrated notes

Levels and vault maps discovered:
D:1:      ncdulo_lavacross, layout_basic, serial_glass, glass_columns_a,
          glass_columns_a, glass_columns_b
D:2:      layout_rooms, uniq_sigmund, uniq_terence

Skill      XL: |  1  2  3 |
---------------+----------+-----
Stealth        | 1 |  1.0
Unarmed Combat | 4 |  4.1
Fighting       | 2 |  2.0
Dodging        | |  2.0
Spellcasting   | |  2.0
Transmutations | |  2.0

Action                   || total
-------------------------++-------
Melee: Unarmed           ||    23
       Constrict         ||    12
       Kick              ||     7
       Tentacles         ||     2
       Short sword       ||    27
       Punch             ||     1
 Cast: Beastly Appendage ||    14
       Spider Form       ||     4
 Stab: Sleeping          ||     4
Dodge: Dodged            ||    31

Table legend: (Time is in decaauts)
 A = Elapsed time spent in this place.
 B = Non-inter-level travel time spent in this place.
 C = Inter-level travel time spent in this place.
 D = Time resting spent in this place.
 E = Time spent auto-exploring this place.
 F = Levels seen in this place.
 G = Mean time per level.
                   A        B        C        D        E       F      G
               +--------+--------+--------+--------+--------+-----+--------+
         Total |   1987 |   1874 |    113 |   1001 |    589 |   2 |  993.5 |
       Dungeon |   1987 |   1874 |    113 |   1001 |    589 |   2 |  993.5 |
               +--------+--------+--------+--------+--------+-----+--------+

Top non-repeatable levels by time:
     D:1: 1931 daAuts
     D:2: 55 daAuts
